 Dungeon Crawl Stone Soup version 0.29.1-15-g9cfb28693d (webtiles) character file.

Game seed: 5831187194684460564

713 leafyfresh the Covert (level 7, -6/50 HPs)
             Began as an Octopode Delver on Mar 14, 2023.
             Splashed by a jelly's acid (7 damage)
             ... on level 5 of the Dungeon.
             The game lasted 00:01:08 (2284 turns).

leafyfresh the Covert (Octopode Delver)             Turns: 2284, Time: 00:01:09

Health: -6/50      AC: -7    Str: 11    XL:     7   Next: 69%
Magic:  7/7        EV: 15    Int: 15    God:
Gold:   42         SH:  0    Dex: 13    Spells: 6/6 levels left

rFire   . . .      SeeInvis .   a - +0 short sword
rCold   . . .      Faith    .   (no shield)
rNeg    . . .      Spirit   .   (helmet restricted)
rPois   .          Reflect  .   (no amulet)
rElec   .          Harm     .   (no ring)
rCorr   .          Rampage  .   (no ring)
Will    .....                   (no ring)
Stlth   +++++.....              (no ring)
HPRegen 0.16/turn               (no ring)
MPRegen 0.10/turn               (no ring)
                                (no ring)
                                (no ring)

@: corroded
A: almost no armour, amphibious, 8 rings, camouflage 1, gelatinous body 1,
(nimble swimmer 1), tentacles
a: no special abilities


You were on level 5 of the Dungeon.
You visited 1 branch of the dungeon, and saw 1 of its levels.

You collected 42 gold pieces.

Inventory:

Hand Weapons
 a - a +0 short sword (weapon)
Wands
 f - a wand of digging (3)
Scrolls
 b - 2 scrolls of fog
 c - a scroll of magic mapping
 d - a scroll of fear
 g - a scroll of identify {unknown}
 j - a scroll of teleportation {unknown}
 k - a scroll of vulnerability {unknown}
 l - a scroll of amnesia {unknown}
Potions
 e - a potion of haste
 h - a potion of heal wounds {unknown}
 i - a potion of invisibility {unknown}


   Skills:
 + Level 5.5 Fighting
 - Level 2.0 Short Blades
 + Level 5.1 Dodging
 + Level 9.4 Stealth


You had 6 spell levels left.
You didn't know any spells.
Your spell library was empty.

Dungeon Overview and Level Annotations

Branches:
Dungeon (5/15)
 Temple: D:4-7

Altars:
Yredelemnul


Innate Abilities, Weirdness & Mutations

You cannot wear most types of armour.
You are amphibious.
You can wear up to eight rings at the same time.
Your skin changes colour to match your surroundings (Stealth+).
Your rubbery body absorbs attacks. (AC +1, EV +1)
((You are camouflaged when in or above water. (Stealth+)))
You have tentacles for arms and can constrict up to eight enemies at once.


Message History

A jelly comes into view.
There are monsters nearby!
There are monsters nearby!
The helpless scorpion fails to defend itself.
You puncture the scorpion! You grab the scorpion.
Your squeeze misses the scorpion.
The scorpion is almost dead.
You constrict the scorpion.
You kill the scorpion!
Your Dodging skill increases to level 5!
A jelly is nearby!
The jelly hits you.
You are splashed with acid!
You hit the jelly. The acid corrodes you!
Your tentacles burn!
You squeeze the jelly, but do no damage.
The jelly is lightly wounded.
The jelly hits you.
You are splashed with acid!
You are too injured to fight recklessly!
A jelly is nearby!
You are too injured to fight recklessly!
A jelly is nearby!
You are too injured to fight recklessly!
A jelly is nearby!
You are too injured to fight recklessly!
Unknown command.
You hit the jelly but do no damage.
Your tentacles burn!
You squeeze the jelly.
The jelly is heavily wounded.
The jelly hits you.
You are splashed with acid!
* * * LOW HITPOINT WARNING * * *
You hit the jelly but do no damage.
Your tentacles burn!
* * * LOW HITPOINT WARNING * * *
The jelly is heavily wounded.
The jelly misses you.
You hit the jelly but do no damage. The acid corrodes you!
Your tentacles burn!
* * * LOW HITPOINT WARNING * * *
You squeeze the jelly.
The jelly is severely wounded.
The jelly hits you.
* * * LOW HITPOINT WARNING * * *
You are splashed with acid!
You die...

######### #####
#######.......#
#....
#.........###.#
#.### ####.#####.#.#
#.# ##.##.#
###.#.### ##.###
####...#.###.......#
#.....
..)............#.#.#
#..###
####...#.###.#.#.#.#
#..... ##.##.#
###.#@# # #.###.
#.##........J....#
####.####
#.############.###
#..รท..... ##'## .#
#.##.###. ##...## #
#.##...#. ##.....##
#.####.#.
##.......##
##........
#.........####...
#..##...##
+.........'......
#.###[....


You could see a jelly.

Vanquished Creatures
  An ogre (D:5)
  A phantom (D:5)
  A necrophage (D:5)
  6 scorpions (D:5)
  3 hounds (D:5)
  A jelly (D:5)
  2 adders (D:5)
  A shadow imp (D:5)
  An ufetubus (D:5)
  A spectral orc (D:5)
18 creatures vanquished.

Notes
Turn   | Place    | Note
-------+----------+-------------------------------------------
     0 | D:5      | leafyfresh the Octopode Delver began the quest for the Orb.
     0 | D:5      | Reached XP level 1. HP: 16/16 MP: 1/1
    43 | D:5      | Noticed a scorpion
    48 | D:5      | Killed a scorpion
    49 | D:5      | Reached skill level 7 in Stealth
    49 | D:5      | Reached XP level 2. HP: 21/21 MP: 2/2
    49 | D:5      | Reached XP level 3. HP: 26/26 MP: 3/3
    49 | D:5      | Reached XP level 4. HP: 32/32 MP: 4/4
   121 | D:5      | Noticed an ogre
   125 | D:5      | Killed an ogre
   126 | D:5      | Reached XP level 5. HP: 21/37 MP: 5/5
   336 | D:5      | Reached skill level 8 in Stealth
   366 | D:5      | Noticed a phantom
   378 | D:5      | Killed a phantom
   379 | D:5      | Reached XP level 6. HP: 29/44 MP: 6/6
  1107 | D:5      | Reached skill level 5 in Fighting
  1134 | D:5      | Reached XP level 7. HP: 50/50 MP: 7/7
  1148 | D:5      | Reached skill level 9 in Stealth
  2095 | D:5      | Found a basalt altar of Yredelemnul.
  2276 | D:5      | Reached skill level 5 in Dodging
  2284 | D:5      | HP: 1/50 [jelly (2)]
  2284 | D:5      | Splashed by a jelly's acid

Illustrated notes

Levels and vault maps discovered:
D:5:      layout_loops_corners, grunt_qazlal_sundering,
          yredelemnul_forgotten_temple_becter

Skill      XL: |  1  2  3  4  5  6  7 |
---------------+----------------------+-----
Stealth        | 7 8 9 |  9.4
Fighting       | 4 5 |  5.5
Dodging        | 3 4 5 |  5.1
Short Blades   | |  2.0

Action                   |  1- 3 |  4- 6 |  7- 9 || total
-------------------------+-------+-------+-------++-------
Melee: Short sword       |     2 |    33 |    22 ||    57
       Tentacles         |     1 |     9 |    12 ||    22
       Constrict         |     1 |     4 |     4 ||     9
 Stab: Sleeping          |     1 |     8 |     2 ||    11
Dodge: Dodged            |     1 |    20 |     4 ||    25
